 Dungeon Crawl Stone Soup version 0.29-a0-8-g0446c0dae4 (webtiles) character file.

Game seed: 7806465374043296291

46 testman the Cudgeller (level 3, 0/55 HPs)
             Began as a Troll Berserker on Jan 27, 2022.
             Was a Believer of Trog.
             Succumbed to an adder's poison
             ... on level 2 of the Dungeon.
             The game lasted 00:03:01 (1205 turns).

testman the Cudgeller (Troll Berserker)             Turns: 1205, Time: 00:03:01

Health: 0/55       AC:  4    Str: 27    XL:     3   Next: 46%
Magic:  2/2        EV: 10    Int:  3    God:    Trog [**....]
Gold:   19         SH:  0    Dex:  9    Spells: 2/2 levels left

rFire   . . .      SeeInvis .   j - +0 flail
rCold   . . .      Faith    .   (no shield)
rNeg    . . .      Spirit   .   b - +0 animal skin
rPois   .          Reflect  .   (helmet restricted)
rElec   .          Harm     .   (no cloak)
rCorr   .          Rampage  .   (gloves unavailable)
Will    .....                   (boots unavailable)
Stlth   ..........              (no amulet)
HPRegen 0.98/turn               (no ring)
MPRegen 0.08/turn               (no ring)

@: berserking, lethally poisoned (0 -> -13), very quick
A: large, unfitting armour, claws 3, regeneration 1, shaggy fur 1, tough skin 1
a: Renounce Religion, Berserk, Trog's Hand


You were on level 2 of the Dungeon.
You worshipped Trog.
Trog was pleased with you.
You visited 1 branch of the dungeon, and saw 2 of its levels.

You collected 19 gold pieces.

Inventory:

Hand Weapons
 j - a +0 flail (weapon)
Missiles
 h - 26 stones (quivered)
Armour
 b - a +0 animal skin (worn)
Jewellery
 i - a ring of fire
Scrolls
 e - a scroll of identify {unknown}
 g - 3 scrolls of immolation {unknown}
Potions
 a - a potion of lignification {unknown}
 c - a potion of degeneration {unknown}
 d - 3 potions of curing {unknown}
 f - 2 potions of heal wounds {unknown}


   Skills:
 + Level 3.1 Fighting
 + Level 3.4 Maces & Flails
 - Level 2.5 Dodging


You had 2 spell levels left.
You didn't know any spells.
Your spell library was empty.

Dungeon Overview and Level Annotations

Branches:
Dungeon (2/15)

Altars:


Innate Abilities, Weirdness & Mutations

You are too large for most types of armour.
You have claws for hands.
Your natural rate of healing is unusually fast.
You are covered in fur. (AC +1)
You have tough skin. (AC +1)


Message History

The adder is moderately wounded.
You feel very sick. The adder bites you.
You are more poisoned.
The adder poisons you!
You barely miss the adder.
The adder is moderately wounded.
You feel very sick. The adder barely misses you. The adder closely misses you.
You hit the adder.
The adder is heavily wounded.
You feel very sick. The adder bites you.
You are more poisoned.
The adder poisons you! The adder bites you.
* * * LOW HITPOINT WARNING * * *
A red film seems to cover your vision as you go berserk!
You feel yourself moving faster!
You feel mighty!
You feel sick. The adder bites you.
* * * LOW HITPOINT WARNING * * *
You are more poisoned.
The adder poisons you!
You barely miss the adder.
The adder is heavily wounded.
You feel very sick. The adder bites you.
* * * LOW HITPOINT WARNING * * *
You are lethally poisoned!
The adder poisons you!
You completely miss the adder.
The adder is heavily wounded.
* * * LOW HITPOINT WARNING * * *
You feel very sick. The adder bites you.
* * * LOW HITPOINT WARNING * * *
You are more poisoned.
The adder poisons you!
You closely miss the adder.
The adder is heavily wounded.
You die...

##.## #..#
##.# ###
#.# +.# #.#
#.# #.#
##.# #.#
..# #.#
####S#
#.####.#.@#
#.........#
###########


You could see an adder.

Vanquished Creatures
  A dart slug (D:1)
  A ball python (D:2)
  2 bats
  4 endoplasms
  2 giant cockroaches
  6 goblins (D:1)
  5 hobgoblins
  3 jackals (D:1)
  4 quokkas
  5 frilled lizards
  2 kobolds (D:1)
  4 rats
39 creatures vanquished.

Notes
Turn   | Place    | Note
-------+----------+-------------------------------------------
     0 | D:1      | testman the Troll Berserker began the quest for the Orb.
     0 | D:1      | Reached XP level 1. HP: 22/22 MP: 0/0
   214 | D:1      | Reached XP level 2. HP: 29/29 MP: 1/1
   275 | D:1      | Found a faded altar of an unknown god.
   494 | D:1      | Reached XP level 3. HP: 36/36 MP: 2/2
   684 | D:1      | Reached ** piety under Trog
  1205 | D:2      | Succumbed to an adder's poison

Illustrated notes

Levels and vault maps discovered:
D:1:      tarquinn_simple_flora_water_e, layout_basic,
          hellmonk_ecumenical_altar_zigzags, minmay_misc_feat_columns,
          serial_park_tiny_2
D:2:      minmay_wonky_spiral, layout_basic

Skill      XL: |  1  2  3 |
---------------+----------+-----
Maces & Flails | 3 |  3.4
Fighting       | 3 |  3.1
Dodging        | |  2.5

Action                   || total
-------------------------++-------
Melee: Mace              ||    82
       Punch             ||     1
       Flail             ||    32
Invok: Berserk           ||     1
Armor: Animal skin       ||    37
Dodge: Dodged            ||    65

Table legend: (Time is in decaauts)
 A = Elapsed time spent in this place.
 B = Non-inter-level travel time spent in this place.
 C = Inter-level travel time spent in this place.
 D = Time resting spent in this place.
 E = Time spent auto-exploring this place.
 F = Levels seen in this place.
 G = Mean time per level.
                   A        B        C        D        E       F      G
               +--------+--------+--------+--------+--------+-----+--------+
         Total |   1230 |   1223 |      7 |      0 |    937 |   2 |  615.0 |
       Dungeon |   1230 |   1223 |      7 |      0 |    937 |   2 |  615.0 |
               +--------+--------+--------+--------+--------+-----+--------+

Top non-repeatable levels by time:
     D:1: 938 daAuts
     D:2: 292 daAuts
